 Dungeon Crawl Stone Soup version 0.31.0-9-g3a7656b989 (webtiles) character file.

Game seed: 15980141922754445980

618 qw the Ducker (level 7, -9/35 HPs)
             Began as a Spriggan Hunter on Feb 2, 2024.
             Was an Initiate of Okawaru.
             Mangled by an iguana (11 damage)
             ... on level 4 of the Dungeon.
             The game lasted 00:00:11 (2686 turns).

qw the Ducker (Spriggan Hunter)                     Turns: 2686, Time: 00:00:12

Health: -9/35      AC:  3    Str:  5    XL:     7   Next: 21%
Magic:  8/8        EV: 22    Int: 11    God:    Okawaru [......]
Gold:   165        SH:  0    Dex: 20    Spells: 6/6 levels left

rFire   + . .        a - +1 shortbow (elec)
rCold   + . .        (shield currently unavailable)
rNeg    . . .        f - +1 robe {rC+ rF+}
rPois   .            (helmet restricted)
rElec   .            (no cloak)
rCorr   .            (gloves unavailable)
SInv    +            (boots unavailable)
Will    +....        (no amulet)
Stlth   ++           (no ring)
HPRegen 0.25/turn    (no ring)
MPRegen 0.11/turn

%: no passive effects
@: very quick
A: very small, no large weapons, unfitting armour, see invisible, speed 3, weak
1, MP-powered wands
a: Renounce Religion


You were on level 4 of the Dungeon.
You worshipped Okawaru.
Okawaru was noncommittal.
You visited 2 branches of the dungeon, and saw 5 of its levels.
You also visited: Sewer.

You collected 165 gold pieces.


Innate Abilities, Weirdness & Mutations

You are very small and have problems with some larger weapons.
You are too small for most types of armour.
You have supernaturally acute eyesight. (SInv)
You cover ground extremely quickly. (Speed+++)
You are weak. (Str -2)
You expend magic power (3 MP) to strengthen your wands.


   Skills:
 - Level 2.0 Fighting
 + Level 7.0 Ranged Weapons
 - Level 7.2 Dodging
 - Level 1.5 Stealth


You had 6 spell levels left.
You didn't know any spells.
Your spell library was empty.

Inventory:

Hand Weapons
 a - a +1 shortbow of electrocution (weapon)
Armour
 f - a +1 robe of resistance (worn)
Potions
 c - a potion of haste {unknown}
 d - a potion of might
 e - 2 potions of curing
 g - a potion of mutation
 j - a potion of cancellation {unknown}

Dungeon Overview and Level Annotations

Branches:
Dungeon (4/15)             Temple (1/1) D:4           Sewer (visited)

Altars:
Ashenzari
Cheibriados
Dithmenos
Elyvilon
Fedhas
Gozag
Hepliaklqana
Kikubaaqudgha
Nemelex Xobeh
Okawaru
Qazlal
Ru
Sif Muna
Trog
Uskayaw
Vehumet
Wu Jian
Xom
Yredelemnul
Zin
The Shining One

Annotations:
D:4 Dowan


Message History

You shoot an arrow. The arrow hits Dowan!
Dowan is almost dead.
Dowan barely misses you. The iguana misses you.
Dowan points at you and mumbles some strange words.
The stone arrow hits you! The iguana bites you!
You shoot an arrow. The arrow closely misses Dowan.
Dowan hits you with a +0 dagger. The iguana completely misses you.
2679 ||| DRINKING potion of heal wounds.
You feel much better. Dowan hits you with a +0 dagger.
Dowan shakes with grief.
Dowan hits you with a +0 dagger. The iguana closely misses you.
You shoot an arrow.
The arrow hits Dowan but does no damage.
Dowan is almost dead.
Dowan gestures wildly while chanting.
Dowan blinks!
The iguana closely misses you.
Dowan mumbles some strange words.
Dowan blinks!
You shoot an arrow.
The arrow hits the iguana but does no damage.
The iguana closely misses you.
You shoot an arrow. The arrow hits the iguana.
The iguana is lightly wounded.
The iguana closely misses you.
Dowan casts a spell.
Dowan blinks!
You shoot an arrow. The arrow barely misses the iguana.
Dowan casts a spell at you. The shard of ice hits you! You partially resist.
The iguana misses you.
You shoot an arrow. The arrow hits the iguana.
The iguana is moderately wounded.
The iguana bites you.
You shoot an arrow. The arrow hits the iguana.
The iguana is heavily wounded.
Dowan says, "How can I live without her?"
The iguana misses you.
You shoot an arrow. The arrow closely misses the iguana.
The iguana bites you!
You die...

.##........# #.<......###
.##........## #...........
............###...........
.........................
####.##..................
.##..##..............#
..#..#..............e#..##
####.#........##e#...%....
##.....###....##@###......
##..#.#......##l# #....
######......#... ###
#...........
#......##.....
....#..........
#.......#........ #....
..##.......$


You could see Dowan (fast) and an iguana.

Vanquished Creatures
  Sigmund (D:3)
  Duvessa (D:4)
  2 brain worms (Sewer)
  A sleepcap (D:4)
  An orc wizard (D:4)
  An iguana (D:4)
  Robin (D:3)
  6 adders
  A river rat (Sewer)
  A dart slug (D:3)
  7 orcs
  9 ball pythons
  3 bats
  4 endoplasms
  3 giant cockroaches
  9 goblins
  8 hobgoblins
  3 kobolds
  14 frilled lizards
  5 rats
81 creatures vanquished.

Notes
Turn   | Place    | Note
-------+----------+-------------------------------------------
     0 | D:1      | qw the Spriggan Hunter began the quest for the Orb.
     0 | D:1      | Reached XP level 1. HP: 10/10 MP: 2/2
     0 | D:1      | 0 ||| qw: Version: 0.3-a-155-g5e7d8dd
     0 | D:1      | 0 ||| qw: Game counter: 1856
     0 | D:1      | 0 ||| qw: Melee chars always use a shield: true
     0 | D:1      | 0 ||| qw: God list: Okawaru
     0 | D:1      | 0 ||| qw: Allow faded altars: false
     0 | D:1      | 0 ||| qw: Do Orc after clearing Dungeon:15 true
     0 | D:1      | 0 ||| qw: Do second Lair branch before Depths: true
     0 | D:1      | 0 ||| qw: Lair rune preference: random
     0 | D:1      | 0 ||| qw: Goals: Normal
     0 | D:1      | 0 ||| PLANNING D:1-11
    62 | D:1      | Reached skill level 3 in Dodging
   165 | D:1      | HP: 2/10 [constriction (1)]
   169 | D:1      | Reached XP level 2. HP: 2/14 MP: 3/3
   773 | D:1      | 773 ||| READING scroll labelled CYIF QUG UMMATZ.
   774 | D:1      | 774 ||| READING scroll labelled MUCAOL UBBIOKOUFE.
   774 | D:1      | 774 ||| BRANDING +0 shortbow.
   775 | D:1      | 775 ||| READING scroll labelled UTULAOJO EFARI.
   776 | D:1      | 776 ||| DROPPING scroll of butterflies.
   969 | D:2      | Reached XP level 3. HP: 18/18 MP: 4/4
  1356 | D:2      | 1356 ||| UPGRADING to +1 robe of resistance.
  1366 | D:2      | 1366 ||| DROPPING +0 robe.
  1367 | D:2      | 1367 ||| READING 3 scrolls labelled BEUMER BAXKOU.
  1367 | D:2      | 1367 ||| IDENTIFYING fizzy blue potion
  1368 | D:2      | 1368 ||| READING 2 scrolls of identify.
  1368 | D:2      | 1368 ||| IDENTIFYING bubbling orange potion
  1369 | D:2      | 1369 ||| READING scroll of identify.
  1369 | D:2      | 1369 ||| IDENTIFYING 2 inky potions
  1370 | D:2      | 1370 ||| READING scroll labelled QYUXE DUSO.
  1370 | D:2      | 1370 ||| ENCHANTING +0 shortbow of flaming.
  1371 | D:2      | 1371 ||| DROPPING potion of attraction.
  1400 | D:3      | 1400 ||| PLANNING SEWER
  1441 | D:3      | Noticed Robin
  1449 | D:3      | Killed Robin
  1475 | D:3      | Reached XP level 4. HP: 22/22 MP: 5/5
  1476 | D:3      | Found a glowing drain.
  1485 | Sewer    | Entered a sewer
  1562 | Sewer    | Noticed a brain worm
  1566 | Sewer    | HP: 4/22 [brain worm/psychic fangs (7)]
  1567 | Sewer    | Killed a brain worm
  1568 | Sewer    | Reached XP level 5. HP: 5/25 MP: 2/6
  1872 | Sewer    | 1872 ||| READING scroll labelled PIHAOR LIDD.
  1877 | Sewer    | 1877 ||| DRINKING 2 metallic red potions.
  1877 | Sewer    | Gained mutation: You are weak. (Str -2) [potion of
                  | mutation]
  1877 | Sewer    | Gained mutation: You expend magic power (3 MP) to
                  | strengthen your wands. [potion of mutation]
  1910 | D:3      | 1910 ||| PLANNING D:1-11
  2028 | D:3      | 2028 ||| READING scroll of brand weapon.
  2028 | D:3      | 2028 ||| BRANDING +1 shortbow of flaming.
  2066 | D:3      | Reached XP level 6. HP: 30/30 MP: 7/7
  2101 | D:3      | Noticed Sigmund
  2104 | D:3      | 2104 ||| FLEEEEING.
  2107 | D:3      | 2107 ||| FLEEEEING.
  2108 | D:3      | 2108 ||| FLEEEEING.
  2109 | D:3      | 2109 ||| FLEEEEING.
  2110 | D:3      | 2110 ||| FLEEEEING.
  2128 | D:3      | Killed Sigmund
  2129 | D:3      | Reached skill level 6 in Ranged Weapons
  2416 | D:3      | 2416 ||| READING scroll of identify.
  2416 | D:3      | 2416 ||| IDENTIFYING fuming green potion
  2417 | D:3      | 2417 ||| READING scroll labelled OCUPTA ILI ZARGH.
  2418 | D:3      | 2418 ||| DRINKING 3 glowing golden potions.
  2419 | D:3      | 2419 ||| DROPPING potion of brilliance.
  2425 | D:4      | Found a staircase to the Ecumenical Temple.
  2426 | D:4      | 2426 ||| PLANNING TEMPLE
  2427 | D:4      | Reached skill level 6 in Dodging
  2447 | Temple   | Entered the Ecumenical Temple
  2448 | Temple   | 2448 ||| PLANNING OKAWARU WORSHIP
  2478 | Temple   | Became a worshipper of Warmaster Okawaru
  2479 | Temple   | 2479 ||| PLANNING D:1-11
  2661 | D:4      | Noticed Duvessa
  2664 | D:4      | Noticed Dowan
  2669 | D:4      | 2669 ||| RETREEEEATING.
  2670 | D:4      | 2670 ||| RETREEEEATING.
  2671 | D:4      | 2671 ||| RETREEEEATING.
  2672 | D:4      | HP: 6/30 [Duvessa/+0 short sword (6)]
  2673 | D:4      | 2673 ||| DRINKING 2 potions of heal wounds.
  2674 | D:4      | Killed Duvessa
  2675 | D:4      | Reached XP level 7. HP: 32/35 MP: 8/8
  2678 | D:4      | HP: 7/35 [Dowan/+0 dagger (2)]
  2679 | D:4      | 2679 ||| DRINKING potion of heal wounds.
  2683 | D:4      | HP: 4/35 [Dowan/shard of ice (16)]
  2684 | D:4      | HP: 1/35 [iguana (3)]
  2686 | D:4      | Mangled by an iguana

Levels and vault maps discovered:
D:1:      eino_arrival_druids_welcome, layout_basic
D:2:      layout_rooms, nicolae_houndstooth_variations
D:3:      layout_rooms, portal_sewer_entry_d, corexii_hall_statues_deadend,
          uniq_sigmund, uniq_robin
D:4:      layout_cave_pools, minmay_temple_entry_mini_moons,
          nicolae_shop_firing_range, uniq_pikel, uniq_duvessa
Temple:   compressed_dpeg_circular_temple

Skill      XL: |  1  2  3  4  5  6 |
---------------+-------------------+-----
Dodging        | 3 4 5 7 |  7.2
Ranged Weapons | 5 7 |  7.0
Fighting       | 2 |  2.0
Stealth        | |  1.5

Action                     |  1- 3 |  4- 6 |  7- 9 || total
---------------------------+-------+-------+-------++-------
   Fire: Shortbow          |    96 |   121 |    11 ||   228
    Use: Scroll            |     7 |     4 |       ||    11
         Potion            |       |     3 |     1 ||     4
 Armour: Robe              |    11 |    12 |    10 ||    33
  Dodge: Dodged            |    22 |    21 |    11 ||    54

Table legend:
 A = Non-vault XP
 B = Vault XP
 C = Vault XP percentage of total XP
 D = Non-vault monster count
 E = Vault monster count
 F = Vault count percentage of total count
                 A         B        C        D         E       F
            +---------+---------+-------+---------+---------+-------
      Total |     221 |     662 |  75.0 |      49 |      32 |  39.5
            +---------+---------+-------+---------+---------+-------
        D:1 |      23 |       0 |   0.0 |      15 |       0 |   0.0
        D:2 |      39 |       0 |   0.0 |      13 |       0 |   0.0
        D:3 |      38 |     254 |  87.0 |      13 |      10 |  43.5
        D:4 |     121 |     153 |  55.8 |       8 |       1 |  11.1
      Sewer |       0 |     255 | 100.0 |       0 |      21 | 100.0
            +---------+---------+-------+---------+---------+-------
